 Dungeon Sprint DCSS version 0.24.0-123-gd5b16e6ec5 (webtiles) character file.

Game seed: 8771928924556084834, levelgen mode: deterministic

125 McKennaii the Slasher (level 4, -5/42 HPs)
             Began as a Demonspawn Fighter on Dec 23, 2019.
             Killed from afar by a deep elf mage (25 damage)
             ... with a bolt of lightning
             ... in the Dungeon (Sprint III: "The Ten Rune Challenge").
             The game lasted 00:02:24 (441 turns).

McKennaii the Slasher (Demonspawn Fighter)           Turns: 441, Time: 00:02:25

Health: -5/42      AC: 10    Str: 16    XL:     4   Next: 82%
Magic:  0/4        EV:  8    Int:  9    God:
Gold:   32         SH: 10    Dex: 16    Spells: 3/3 levels left

rFire    . . .     SeeInvis .   a - +0 long sword
rCold    . . .     Gourm    .   c - +0 shield
rNeg     . . .     Faith    .   b - +0 scale mail
rPois    .         Spirit   +   (no helmet)
rElec    .         Reflect  .   l - +0 cloak
rCorr    .         Harm     .   (no gloves)
MR       .....     NoTele   +   (no boots)
Stlth    ..........             (no amulet)
HPRegen  0.00/turn              (no ring)
MPRegen  0.09/turn              (no ring)

@: no status effects
A: icy blue scales 1, agile 1, demonic guardian 1, robust 1, inhibited
regeneration, wild magic 1, magic shield
a: no special abilities


You were in the Dungeon.
You were not hungry.

You visited 1 branch You collected 32 gold pieces.

Inventory:

Hand Weapons
 a - a +0 long sword (weapon)
Armour
 b - a +0 scale mail (worn)
 c - a +0 shield (worn)
 l - a +0 cloak (worn)
Scrolls
 k - a scroll of blinking
 m - a scroll of fog {unknown}
 n - 3 scrolls of immolation {unknown}
 o - a scroll of identify {unknown}
 p - 2 scrolls of remove curse {unknown}
 r - a scroll of torment {unknown}
 s - a scroll of enchant armour {unknown}
Potions
 d - a potion of might
 e - a potion of curing
 h - a potion of haste
 i - 2 potions of magic
 j - a potion of berserk rage
 q - 4 potions of flight
 t - 4 potions of mutation
Comestibles
 f - 3 rations


   Skills:
 + Level 5.3 Fighting
 * Level 5.4 Long Blades
 + Level 4.6 Armour
 + Level 1.0 Dodging
 + Level 4.9 Shields


You had 3 spell levels left.
You didn't know any spells.
Your spell library was empty.

Dungeon Overview and Level Annotations

Branches:
Dungeon (1/1)

Altars:
Elyvilon
Zin
The Shining One


Innate Abilities, Weirdness & Mutations

You are partially covered in icy blue scales. (AC +2)
A weak demonic guardian rushes to your aid.
When hurt, damage is shared between your health and your magic reserves.
You are agile. (Dex +2)
You are robust. (+10% HP)
You do not regenerate when monsters are visible.
Your spells are a little harder to cast, but a little more powerful.


Message History

Press: ? - help, Dir - move target cursor, f/p - deep elf mage
Aim: a deep elf mage, wielding a +4 long sword of holy wrath (heavily wounded) Attack!
Your iron imp hits the deep elf mage!
The deep elf mage casts a spell.
The deep elf mage blinks!
The bolt of lightning misses your iron imp.
A bolt of lightning appears from out of your range of vision.
The bolt of lightning hits your iron imp.
Your iron imp resists.
Your iron imp dies!
Unknown command.
There is a white marble altar of Elyvilon here.
There is a glowing golden altar of the Shining One here.
The deep elf mage casts a spell at you.
The bolt of lightning hits your quasit!!
Your quasit dies!
The bolt of lightning hits you!! x2
Ouch! That really hurt!
You die...

▓▓▓▓▓▓▓▓ ▓▓▓ .'...♣.♣
♣.##### .#....♣♣ ♣.#5_@#
##....♣♣ ♣♣.#...#
.#....≈♣ ♣..###'#+###+##
.#...≈≈♣♣♣♣♣.#..........#
(#..≈≈≈≈.♣♣..'.e........#
'#..≈≈≈≈≈≈♣..#...######+#
.#.≈≈≈≈≈≈)...#.⌠.#
.#.≈≈≈≈≈.....#...#
.#.≈≈≈.......#+###


You could see a deep elf mage and a friendly ufetubus.

Vanquished Creatures
  A water elemental (D)
  Crazy Yiuf (D)
  Jessica (D)
  A human (D)
  An ooze (D)
  2 rats (D)
7 creatures vanquished.

Vanquished Creatures (others)
  2 draconian scorchers (D)
  6 hellions (D)
  A yaktaur (D)
  2 plants (D)
11 creatures vanquished.

Grand Total: 18 creatures vanquished

Notes
Turn   | Place    | Note
-------+----------+-------------------------------------------
     0 | D        | McKennaii the Demonspawn Fighter began the quest for the
                  | Orb.
     0 | D        | Reached XP level 1. HP: 18/18 MP: 1/1
    17 | D        | Noticed Jessica
    26 | D        | Killed Jessica
    26 | D        | Gained mutation: When hurt, damage is shared between your
                  | health and your magic reserves. [demonic ancestry]
    26 | D        | Reached XP level 2. HP: 13/25 MP: 2/2
    26 | D        | Gained mutation: A weak demonic guardian rushes to your
                  | aid. [demonic ancestry]
    26 | D        | Reached XP level 3. HP: 16/30 MP: 3/3
    85 | D        | Killed a hellion
   108 | D        | Killed a hellion
   108 | D        | Killed a hellion
   109 | D        | Killed a hellion
   118 | D        | Killed a yaktaur
   123 | D        | Killed a hellion
   136 | D        | Killed a hellion
   149 | D        | Killed a white draconian scorcher
   230 | D        | Killed a white draconian scorcher
   269 | D        | Noticed Crazy Yiuf
   278 | D        | Killed Crazy Yiuf
   278 | D        | Gained mutation: You are partially covered in icy blue
                  | scales. (AC +2) [demonic ancestry]
   278 | D        | Reached XP level 4. HP: 38/38 MP: 4/4
   344 | D        | Gained mutation: You are agile. (Dex +2) [potion of
                  | mutation]
   344 | D        | Gained mutation: You are robust. (+10% HP) [potion of
                  | mutation]
   344 | D        | Gained mutation: You do not regenerate when monsters are
                  | visible. [potion of mutation]
   344 | D        | Gained mutation: Your spells are a little harder to cast,
                  | but a little more powerful. [potion of mutation]
   347 | D        | Noticed a water elemental
   353 | D        | Killed a water elemental
   353 | D        | Reached skill level 5 in Fighting
   353 | D        | Reached skill level 5 in Long Blades
   353 | D        | Reached skill level 1 in Dodging
   420 | D        | Found a glowing silver altar of Zin.
   420 | D        | Found a glowing golden altar of the Shining One.
   420 | D        | Found a white marble altar of Elyvilon.
   421 | D        | Noticed a deep elf mage
   441 | D        | Killed from afar by a deep elf mage

Levels and vault maps discovered:
D:        dungeon_sprint_mu [sprint_mu_entry_forest, sprint_mu_temple_rooms,
          sprint_mu_d1_spiders, sprint_mu_d2_genie, sprint_mu_d3_branching,
          sprint_mu_orc_legion, sprint_mu_elf_gauntlet, sprint_mu_hive_nellie,
          sprint_mu_lair_fedhas, sprint_mu_vaults_butterflies,
          sprint_mu_slime_circle, sprint_mu_swamp_cave, sprint_mu_snake_twists,
          sprint_mu_blade_basic, sprint_mu_crypt_chambers,
          sprint_mu_tomb_spiral, sprint_mu_vestibule_basic,
          sprint_mu_gehenna_hellfire, sprint_mu_dis_giant,
          sprint_mu_tartarus_statrot, sprint_mu_cocytus_islands, sprint_mu_zot1]

Skill      XL: |  1  2  3  4 |
---------------+-------------+-----
Shields        | 4 |  4.9
Long Blades    | 3 4 5 |  5.4
Armour         | 3 4 |  4.6
Fighting       | 4 5 |  5.3
Dodging        | 1 |  1.0

Action                   |  1- 3 |  4- 6 || total
-------------------------+-------+-------++-------
Melee: Long sword        |    27 |    11 ||    38
  Use: Potion            |       |     2 ||     2
Armor: Scale mail        |     8 |     2 ||    10
Dodge: Dodged            |    10 |     2 ||    12
Block: Shield            |     6 |     3 ||     9
       Rpst.: Long sword |     3 |     1 ||     4
